 Dungeon Crawl Stone Soup version 0.26.1-11-gd32895ea62 (webtiles) character file.

Game seed: 17317432199614565588

141 phalm the Digger (level 5, -4/40 HPs)
             Began as a Gnoll Wanderer on May 6, 2021.
             Was an Initiate of Zin.
             Slain by Sigmund
             ... wielding a +2 vorpal scythe
              (11 damage)
             ... on level 3 of the Dungeon.
             The game lasted 00:08:13 (2930 turns).

phalm the Digger (Gnoll Wanderer)                   Turns: 2930, Time: 00:08:14

Health: -4/40      AC:  9    Str: 13    XL:     5   Next: 24%
Magic:  7/7        EV:  9    Int: 24    God:    Zin [......]
Gold:   57         SH:  0    Dex: 13    Spells: 5/6 levels left

rFire    . . .     SeeInvis .   i - +0 whip (venom)
rCold    . . .     Faith    .   (no shield)
rNeg     . . .     Spirit   .   d - +2 scale mail
rPois    .         Reflect  .   g - +0 helmet
rElec    .         Harm     .   (no cloak)
rCorr    .         Rampage  .   (no gloves)
Will     .....                  (no boots)
Stlth    +.........             (no amulet)
HPRegen  0.13/turn              I - +6 ring of intelligence
MPRegen  0.10/turn              (no ring)

@: brilliant
A: distributed training, fangs 1, strong nose
a: Renounce Religion, Donate Gold


You were on level 3 of the Dungeon.
You worshipped Zin.
Zin was noncommittal.
You visited 1 branch of the dungeon, and saw 3 of its levels.

You collected 87 gold pieces.
You donated 30 gold pieces to Zin.


Innate Abilities, Weirdness & Mutations

Your experience applies equally to all skills.
You have very sharp teeth.
Your uncanny sense of smell can sniff out nearby items.


   Skills:
 + Level 2.9 Fighting
 + Level 1.4 Short Blades
 + Level 1.4 Long Blades
 + Level 1.4 Axes
 + Level 1.4 Maces & Flails
 + Level 1.4 Polearms
 + Level 1.4 Staves
 + Level 1.4 Slings
 + Level 2.9 Bows
 + Level 1.4 Crossbows
 + Level 1.4 Throwing
 + Level 2.9 Armour
 + Level 1.4 Dodging
 + Level 4.4 Stealth
 + Level 1.4 Shields
 + Level 1.4 Unarmed Combat
 + Level 1.4 Spellcasting
 + Level 1.1 Conjurations
 + Level 1.1 Hexes
 + Level 1.1 Summonings
 + Level 1.1 Necromancy
 + Level 1.1 Translocations
 + Level 1.1 Transmutations
 + Level 1.1 Fire Magic
 + Level 2.3 Ice Magic
 + Level 1.1 Air Magic
 + Level 7.2 Earth Magic
 + Level 1.1 Poison Magic
 + Level 1.6 Invocations
 + Level 1.4 Evocations


You had 5 spell levels left.
You knew the following spells:

 Your Spells              Type           Power        Failure   Level
f - Freeze                Ice            76%          22%         1

Your spell library contained the following spells:

 Spells                   Type           Power        Failure   Level
 Frozen Ramparts          Ice            38%          54%         3

Inventory:

Hand Weapons
 a - a +0 dagger
 h - a +0 short sword
   (You took it off a kobold on level 1 of the Dungeon)
 i - a +0 whip of venom (weapon)
   (You found it on level 1 of the Dungeon)
Missiles
 c - 31 bolts
 f - 72 stones (quivered)
 o - 23 arrows
Armour
 d - a +2 scale mail (worn)
 g - a +0 helmet (worn)
   (You found it on level 1 of the Dungeon)
Jewellery
 I - a +6 ring of intelligence (left hand)
   (You found it on level 1 of the Dungeon)
Scrolls
 e - 2 scrolls of remove curse {@r2}
 l - a scroll of identify {@r1}
 p - a scroll of magic mapping {!r}
 q - 3 scrolls of enchant armour {unknown}
Potions
 b - a potion of lignification {!q}
 j - a potion of flight {unknown}
 k - a potion of brilliance
 m - a potion of heal wounds {unknown}
 n - a potion of curing {unknown}

Dungeon Overview and Level Annotations

Branches:
Dungeon (3/15)

Altars:
Zin

Annotations:
D:3 Sigmund

#..........##
##♣..≈≈..♣....#
##.P.≈≈♣≈≈≈.P..#
#...≈≈≈≈≈♣≈....##
##P.♣≈≈≈≈♣≈...P..##
#....≈≈♣.≈....#....
♣.........♣###..##
#.#♣..♣...##......
#@##..###.##.#..#.
#.{..## #†##.#..#.
####.####.?.......
#..........##...
#.###########.#. #.
#.#. {. #.#. ..
#.## ∆ ∆ ..


There were no monsters in sight!


Message History

You hit the worm. You hit the worm.
The worm is poisoned.
The worm barely misses you.
You hit the worm.
The worm looks as sick as possible!
You kill the worm!
No target in view!
No target in view!
n - a scroll labelled YQAOME ZOADOKO
f - 62 stones (gained 1)
f - 64 stones (gained 2)
Found a stone staircase leading down.
You pay a tithe of 1 gold.
You now have 55 gold pieces (gained 11).
You enter the shallow water.
Moving in this stuff is going to be slow.
f - 68 stones (gained 4)
f - 69 stones (gained 1)
f - 70 stones (gained 1)
f - 72 stones (gained 2)
Found an escape hatch in the ceiling.
p - a scroll labelled BUKLIH WEASY
There is a stone staircase leading down here.
You now have 57 gold pieces (gained 2).
q - 3 scrolls labelled VOIF JAUSIS (gained 1)
Found a stone staircase leading down.
An adder comes into view.
The adder hisses angrily.
You throw a stone. The stone completely misses the adder.
You hear a splash.
You throw a stone.
The stone hits the adder but does no damage.
The adder bites you but does no damage. The adder closely misses you.
You miss the adder. The adder barely misses you.
You hit the adder.
The adder is poisoned.
The adder bites you but does no damage. The adder closely misses you.
You hit the adder.
The adder looks as sick as possible!
You punch the adder, but do no damage. Your bite misses the adder.
The adder bites you. 😕 HP[-2]
You take 2 damage, and now have 38/40 hp.
You barely miss the adder. You bite the adder, but do no damage.
You kill the adder! 😕 HP[+1] No target in view!
As you read the scroll labelled QONOYH LOCEWU, it crumbles to dust.
It is a scroll of identify.
n - a scroll of random uselessness You drop a scroll of random uselessness.
As you read the scroll of identify {@r1}, it crumbles to dust.
p - a scroll of magic mapping
f - 71 stones (gained 1)
You see here an adder corpse. 😎 HP[+1]
Your hp is fully restored (40).
You enter the shallow water.
Moving in this stuff is going to be slow.
f - 72 stones (gained 1) Sigmund the Dreaded comes into view.
He is wielding a +2 vorpal scythe.
You aren't carrying any items that you can evoke.
Sigmund points at himself and mumbles some strange words.
Sigmund flickers and vanishes!
Deactivating autopickup; reactivate with Ctrl-A.
You see here a yellow potion.
n - a yellow potion Something hits you. 😕 HP[-2]
You take 2 damage, and now have 38/40 hp.
You miss something. Something hits you but does no damage.
You hit something. Your bite misses something. You miss something.
Something hits you. 😕 HP[-5]
You take 5 damage, and now have 33/40 hp.
You barely miss something. Something hits you! 😮 HP[-9]
You take 9 damage, and now have 24/40 hp.
MASSIVE DAMAGE!! (PAUSE)
You closely miss something. You miss something. Something hits you. 😮 HP[-3]
You take 3 damage, and now have 21/40 hp.
You barely miss something. Something hits you!
* * * LOW HITPOINT WARNING * * *
x2 😱 HP[-12]
You take 12 damage, and now have 9/40 hp.
MASSIVE DAMAGE!! (PAUSE)
Okay, then.
You hit something. You closely miss something.
Something hits you but does no damage.
You hit something. Something hits you but does no damage.
You barely miss something. Your bite misses something.
You barely miss something. Something hits you but does no damage.
Your scale mail prevents you from hitting something.
Something hits you.
* * * LOW HITPOINT WARNING * * *
x2 😱 HP[-3]
You take 3 damage, and now have 6/40 hp.
It was a potion of brilliance.
You feel clever all of a sudden. 😱 HP[+1]
You completely miss something. Something hits you!
You die...

Skill      XL: |  1  2  3  4 |
---------------+-------------+-----
Ice Magic      | 2 |  2.3
Invocations    | 1 |  1.6
Short Blades   | 1 |  1.4
Long Blades    | 1 |  1.4
Axes           | 1 |  1.4
Maces & Flails | 1 |  1.4
Polearms       | 1 |  1.4
Staves         | 1 |  1.4
Slings         | 1 |  1.4
Crossbows      | 1 |  1.4
Throwing       | 1 |  1.4
Dodging        | 1 |  1.4
Shields        | 1 |  1.4
Unarmed Combat | 1 |  1.4
Spellcasting   | 1 |  1.4
Evocations     | 1 |  1.4
Conjurations   | 1 |  1.1
Hexes          | 1 |  1.1
Summonings     | 1 |  1.1
Necromancy     | 1 |  1.1
Translocations | 1 |  1.1
Transmutations | 1 |  1.1
Fire Magic     | 1 |  1.1
Air Magic      | 1 |  1.1
Poison Magic   | 1 |  1.1
Fighting       | |  2.9
Bows           | |  2.9
Armour         | |  2.9
Stealth        | |  4.4
Earth Magic    | |  7.2

Action                   |  1- 3 |  4- 6 || total
-------------------------+-------+-------++-------
Melee: Dagger            |    87 |       ||    87
       Bite              |    15 |     8 ||    23
       Short sword       |    27 |       ||    27
       Whip              |    29 |    97 ||   126
       Punch             |       |     1 ||     1
Throw: Stone             |    57 |    40 ||    97
 Cast: Freeze            |     1 |       ||     1
Invok: Donate Gold       |       |     1 ||     1
  Use: Scroll            |       |     3 ||     3
       Potion            |       |     1 ||     1
Armor: Scale mail        |    91 |    41 ||   132
Dodge: Dodged            |    93 |    45 ||   138

Levels and vault maps discovered:
D:1:      evilmike_arrival_plus, layout_rooms, kennysheep_minor_cross
D:2:      layout_basic, old_standard_altar, chequers_ecumenical_altar_grove,
          st_stairs_3, wad_orctagon
D:3:      layout_loops_cross, yredelemnul_forgotten_temple_becter, serial_bayou,
          serial_bayou_pond_a, serial_bayou_lagoon_a, serial_bayou_pond_c,
          serial_bayou_pond_d, serial_bayou_pond_e, serial_bayou_shore_a,
          minmay_stone_trees_medium, uniq_crazy_yiuf_cottage, uniq_robin,
          uniq_sigmund

Notes
Turn   | Place    | Note
-------+----------+-------------------------------------------
     0 | D:1      | phalm the Gnoll Wanderer began the quest for the Orb.
     0 | D:1      | phalm set off with the following items: a +0 dagger, a
                  | potion of lignification {!q}, a +2 scale mail; and the
                  | following spell memorised: Freeze; and the following spells
                  | available to memorise: Frozen Ramparts
     0 | D:1      | Reached XP level 1. HP: 17/17 MP: 1/1
     0 | D:1      | magus.rc [v1.9.10]
   102 | D:1      | Reached skill level 2 in Ice Magic
   129 | D:1      | Reached XP level 2. HP: 12/23 MP: 2/2
   785 | D:1      | Reached XP level 3. HP: 28/28 MP: 3/3
   867 | D:1      | Reached skill level 1 in Invocations
  1328 | D:2      | Reached skill level 1 in Short Blades
  1328 | D:2      | Reached skill level 1 in Long Blades
  1328 | D:2      | Reached skill level 1 in Axes
  1328 | D:2      | Reached skill level 1 in Maces & Flails
  1328 | D:2      | Reached skill level 1 in Polearms
  1328 | D:2      | Reached skill level 1 in Staves
  1328 | D:2      | Reached skill level 1 in Slings
  1328 | D:2      | Reached skill level 1 in Crossbows
  1328 | D:2      | Reached skill level 1 in Throwing
  1328 | D:2      | Reached skill level 1 in Dodging
  1328 | D:2      | Reached skill level 1 in Shields
  1328 | D:2      | Reached skill level 1 in Unarmed Combat
  1328 | D:2      | Reached skill level 1 in Spellcasting
  1328 | D:2      | Reached skill level 1 in Evocations
  1329 | D:2      | Found a glowing silver altar of Zin.
  1335 | D:2      | Reached XP level 4. HP: 31/34 MP: 5/5
  1401 | D:2      | Became a worshipper of Zin the Law-Giver
  1402 | D:2      | Donated 22 gold pieces to Zin
  1612 | D:2      | Reached skill level 1 in Conjurations
  1612 | D:2      | Reached skill level 1 in Hexes
  1612 | D:2      | Reached skill level 1 in Summonings
  1612 | D:2      | Reached skill level 1 in Necromancy
  1612 | D:2      | Reached skill level 1 in Translocations
  1612 | D:2      | Reached skill level 1 in Transmutations
  1612 | D:2      | Reached skill level 1 in Fire Magic
  1612 | D:2      | Reached skill level 1 in Air Magic
  1612 | D:2      | Reached skill level 1 in Poison Magic
  1986 | D:2      | Found a faded altar of an unknown god.
  2376 | D:2      | Reached XP level 5. HP: 36/40 MP: 5/7
  2907 | D:3      | Noticed Sigmund
  2922 | D:3      | HP: 9/40 [something (3)]
  2928 | D:3      | HP: 7/40 [something (2)]
  2930 | D:3      | Slain by Sigmund

Vanquished Creatures
  6 adders
  2 oozes (D:1)
  2 worms
  A dart slug (D:1)
  4 leopard geckos
  4 orcs (D:2)
  4 giant cockroaches
  10 goblins
  6 hobgoblins
  3 kobolds
  2 quokkas (D:2)
  7 bats
  3 frilled lizards
  8 rats
62 creatures vanquished.

Vanquished Creatures (others)
  12 plants (D:3)
12 creatures vanquished.

Grand Total: 74 creatures vanquished

Table legend:
 A = Non-vault XP
 B = Vault XP
 C = Vault XP percentage of total XP
 D = Non-vault monster count
 E = Vault monster count
 F = Vault count percentage of total count
                 A         B        C        D         E       F
            +---------+---------+-------+---------+---------+-------
      Total |     173 |      29 |  14.4 |      56 |       6 |   9.7
            +---------+---------+-------+---------+---------+-------
        D:1 |      67 |       0 |   0.0 |      32 |       0 |   0.0
        D:2 |      87 |      29 |  25.0 |      22 |       6 |  21.4
        D:3 |      19 |       0 |   0.0 |       2 |       0 |   0.0
            +---------+---------+-------+---------+---------+-------

Illustrated notes

Table legend:
 A = Kills in this place as a percentage of kills in entire the game.
 B = Kills by you in this place as a percentage of kills by you in the entire game.
 C = Kills by friends in this place as a percentage of kills by friends in the entire game.
 D = Other kills in this place as a percentage of other kills in the entire game.
 E = Experience gained in this place as a percentage of experience gained in the entire game.
 F = Experience gained in this place divided by the number of levels of this place that you have seen.
                   A       B       C       D       E      F
               +-------+-------+-------+-------+-------+----------------------
         Total | 100.0 | 100.0 |   N/A |   N/A | 100.0 |  67.3
       Dungeon | 100.0 | 100.0 |   N/A |   N/A | 100.0 |  67.3
               +-------+-------+-------+-------+-------+----------------------

Table legend: (Time is in decaauts)
 A = Elapsed time spent in this place.
 B = Non-inter-level travel time spent in this place.
 C = Inter-level travel time spent in this place.
 D = Time resting spent in this place.
 E = Time spent auto-exploring this place.
 F = Levels seen in this place.
 G = Mean time per level.
                   A        B        C        D        E       F      G
               +--------+--------+--------+--------+--------+-----+--------+
         Total |   2949 |   2812 |    137 |      0 |   2256 |   3 |  983.0 |
       Dungeon |   2949 |   2812 |    137 |      0 |   2256 |   3 |  983.0 |
               +--------+--------+--------+--------+--------+-----+--------+

Top non-repeatable levels by time:
     D:2: 1548 daAuts
     D:1: 1243 daAuts
     D:3: 157 daAuts
